 Dungeon Crawl Stone Soup version 0.22-a0-558-gc224181 (webtiles) character file.

81 vishdafish the Skirmisher (level 4, -5/37 HPs)
             Began as a Demonspawn Berserker on June 26, 2018.
             Was a Follower of Trog.
             Slain by Sigmund
             ... wielding a +0 scythe
              (11 damage)
             ... on level 2 of the Dungeon.
             The game lasted 00:02:19 (1465 turns).

vishdafish the Skirmisher (Demonspawn Berserker)    Turns: 1465, Time: 00:02:20

Health: -5/37      AC:  2    Str: 17    XL:     4   Next: 19%
Magic:  0/4        EV: 13    Int: 14    God:    Trog [*.....]
Gold:   102        SH:  0    Dex: 13    Spells: 3/3 levels left

rFire    . . .     SeeInvis .   a - +0 spear
rCold    . . .     Gourm    .   (no shield)
rNeg     . . .     Faith    .   b - +0 animal skin
rPois    .         Spirit   +   (helmet restricted)
rElec    .         Reflect  .   (no cloak)
rCorr    .         Harm     .   (no gloves)
MR       .....                  (no boots)
Stlth    +.........             (no amulet)
HPRegen  0.12/turn              (no ring)
MPRegen  0.09/turn              (no ring)

@: confused, brilliant, berserk cooldown, slowed, very slow
A: horns 2, magic shield
a: Berserk, Renounce Religion


You were on level 2 of the Dungeon.
You worshipped Trog.
Trog was aware of your devotion.
You were not hungry.

You visited 1 branch of the dungeon, and saw 2 of its levels.

You collected 102 gold pieces.

Inventory:

Hand Weapons
 a - a +0 spear (weapon)
Armour
 b - a +0 animal skin (worn)
 g - a +0 helmet
Jewellery
 m - an uncursed ring of ice
Scrolls
 i - a scroll of blinking {unknown}
 k - a scroll of amnesia {unknown}
 l - 4 scrolls of identify {unknown}
 n - a scroll of teleportation {unknown}
Potions
 e - a potion of heal wounds
 h - a potion of haste {unknown}
 j - a potion of brilliance
Comestibles
 c - a ration


   Skills:
 + Level 3.6 Fighting
 + Level 3.2 Polearms
 + Level 2.5 Armour
 + Level 2.4 Dodging


You had 3 spell levels left.
You didn't know any spells.
Your spell library was empty.

Dungeon Overview and Level Annotations

Branches:
Dungeon (2/15)

Altars:
Gozag
Uskayaw

Annotations:
D:2 Sigmund


Innate Abilities, Weirdness & Mutations

You have a pair of horns on your head.
When hurt, damage is shared between your health and your magic reserves.


Message History

Sigmund casts a spell.
Sigmund flickers and vanishes!
Deactivating autopickup; reactivate with Ctrl-A.
Something hits you but does no damage. Something hits you. Something hits you!
You hear some strange, mumbled words.
Something tries to affect you, but you resist.
You see here a ball python skeleton.
You hear some strange, mumbled words.
You are confused.
You bump into the rock wall.
Something hits you.
* * * LOW HITPOINT WARNING * * *
You hear some strange, mumbled words.
You are more confused.
Something hits you but does no damage.
You bump into the rock wall.
Something hits you!
* * * LOW HITPOINT WARNING * * *
You're too confused to move!
Something hits you!
You die...

###.....###.######.........
#.....# #.# #.#####.#.
#.....# #.# #.# #.#.
##'#### #.# ##+#####.#. #.
#.# #.....##.# #.######รท#
#...)....#. #.....##.#
#.(........
#..)..##.#####(....####.
#.....'@................
#.....##.#####.##.##.##.
#.....##.# #.##.##.##.
##...###.#####.##.......
#......................
#.#.###.###########.###
#####+##+#..##.# #.###
#.........#.##.#######
##....
#.........'..........#
#.....


There were no monsters in sight!

Vanquished Creatures
  5 adders (D:2)
  A worm (D:2)
  2 dart slugs (D:1)
  2 leopard geckos (D:2)
  A bat (D:1)
  3 giant cockroaches (D:2)
  2 goblins (D:2)
  3 hobgoblins
  2 ball pythons
  2 frilled lizards
  5 kobolds
  2 rats (D:1)
30 creatures vanquished.

Notes
Turn   | Place    | Note
-------+----------+-------------------------------------------
     0 | D:1      | vishdafish the Demonspawn Berserker began the quest for the Orb.
     0 | D:1      | Reached XP level 1. HP: 18/18 MP: 1/1
   302 | D:1      | Gained mutation: You have a pair of small horns on your head. [demonic ancestry]
   302 | D:1      | Reached XP level 2. HP: 14/24 MP: 2/2
  1132 | D:2      | Noticed an enchanted hand axe
  1132 | D:2      | Noticed an enchanted dagger
  1134 | D:2      | Found a hide-covered altar of Uskayaw.
  1144 | D:2      | Gained mutation: When hurt, damage is shared between your health and your magic reserves. [demonic ancestry]
  1144 | D:2      | Reached XP level 3. HP: 29/29 MP: 3/3
  1302 | D:2      | Found an opulent altar of Gozag.
  1348 | D:2      | Gained mutation: You have a pair of horns on your head. [demonic ancestry]
  1348 | D:2      | Reached XP level 4. HP: 31/36 MP: 4/4
  1416 | D:2      | Noticed Sigmund
  1465 | D:2      | Slain by Sigmund

Vault maps used:
D:1:      dpeg_arrival_court
D:2:      dancing_weapons_uskayaw, nicolae_gozag_seed_capital,
          minmay_hexomino_p4, uniq_natasha, uniq_sigmund

Skill      XL: |  1  2 |
---------------+-------+-----
Armour         | 2 |  2.5
Polearms       | 3 |  3.2
Dodging        | 2 |  2.4
Fighting       | |  3.6

Action                   |  1- 3 |  4- 6 || total
-------------------------+-------+-------++-------
Melee: Spear             |    95 |    22 ||   117
       Headbutt          |     8 |     2 ||    10
Invok: Berserk           |     4 |     1 ||     5
  Use: Potion            |       |     4 ||     4
 Stab: Sleeping          |     5 |       ||     5
  Eat: Chunk             |     3 |       ||     3
       Ration            |       |     1 ||     1
Armor: Animal skin       |    12 |       ||    12
Dodge: Dodged            |    43 |    16 ||    59

Table legend:
 A = Spawn XP
 B = Non-spawn XP
 C = Spawn XP percentage of total XP
 D = Spawn monster count
 E = Non-spawn monster count
 F = Spawn count percentage of total count
 G = Total turns spent on level
                    A         B        C        D         E        F      G
               +---------+---------+-------+---------+---------+-------+---------
         Total |       0 |     116 |   0.0 |       0 |      30 |   0.0 |  1465
               +---------+---------+-------+---------+---------+-------+---------
           D:1 |       0 |      21 |   0.0 |       0 |      11 |   0.0 |   977
           D:2 |       0 |      95 |   0.0 |       0 |      19 |   0.0 |   488
               +---------+---------+-------+---------+---------+-------+---------
